 Dungeon Crawl Stone Soup version 0.32-a0-859-gb0a091d592 (console) character file.

Game seed: 6628569632039136143

645492 ShinQuickMan the Skinwalker (level 27, -3/183 (190) HPs)
             Began as a Human Conjurer on Mar 24, 2024.
             Was the Champion of Vehumet.
             Slain by a golden dragon skeleton (24 damage)
             ... on level 13 of a ziggurat on Mar 27, 2024.
             The game lasted 06:04:20 (60102 turns).

ShinQuickMan the Skinwalker (Human Conjurer)       Turns: 60102, Time: 06:04:21

HP:   -3/183 (190)  AC: 10    Str: 11    XL:     27
MP:   17/44         EV: 11    Int: 37    God:    Vehumet [******]
Gold: 3730          SH:  0    Dex: 12    Spells: 9/60 levels left

rFire   + + +        y - staff of Qanky {rF+ SInv Conj Hexes Fire}
rCold   . . .        (no shield)
rNeg    . . .        U - +2 robe {rC+ rF+}
rPois   .            O - +2 helmet {Int+3}
rElec   .            W - scarf {repulsion}
rCorr   .            S - +0 pair of gloves
SInv    +            v - +1 pair of boots {Stlth+}
Will    +++..        h - amulet of magic regeneration
Stlth   ++++         c - ring "Tanes" {Wiz Will+}
HPRegen 0.50/turn    z - ring of Wishful Thinking {Fire Int+5 Stlth+}
MPRegen 0.69/turn

%: repel missiles, wizardry (x1)
@: on vortex cooldown, slowed, studying Shields, lightly drained, very slow
A: explore regen
}: 4/15 runes: serpentine, barnacled, slimy, silver
a: Renounce Religion


You were on level 13 of a ziggurat.
You worshipped Vehumet.
Vehumet was exalted by your worship.
You visited 11 branches of the dungeon, and saw 51 of its levels.
You visited 1 bazaar.
You visited 1 ziggurat, and saw 13 of its levels.
You also visited: Bailey, Gauntlet and Ice Cave.

You collected 9785 gold pieces.
You spent 6055 gold pieces at shops.

Inventory:

Hand Weapons
 f - the +11 war axe of Luuneha {elec, rPois Dex+3}
   (You took it off a meliai on level 11 of the Dungeon)

   Dex+3:     It affects your dexterity (+3).
   rPois:     It protects you from poison.
 p - a +1 demon trident of venom
 D - the +11 spear "Godon" {vamp, rF+ rC++}
   (You took it off a deep elf death mage on level 5 of the Vaults)

   rF+:       It protects you from fire.
   rC++:      It greatly protects you from cold.
 M - the +5 sling of No Interval {antimagic, *Slow Dex+4}
   (You found it on level 5 of a ziggurat)

   Dex+4:     It affects your dexterity (+4).
   *Slow:     It may slow you when you take damage.
Armour
 o - the +7 tower shield of Gluttony {+Inv Str+2}
   (You found it on level 7 of a ziggurat)

   Str+2:     It affects your strength (+2).
   +Inv:      It lets you turn invisible.
 v - a +1 pair of boots of stealth (worn)
 O - a +2 helmet of intelligence (worn)
 S - a +0 pair of gloves (worn)
 T - the +0 ring mail "Ceojaf" {rPois Int+4}
   (You found it on level 5 of a ziggurat)

   Int+4:     It affects your intelligence (+4).
   rPois:     It protects you from poison.
 U - a +2 robe of resistance (worn)
 W - a scarf of repulsion (worn)
Magical Staves
 l - the staff "Deohi" {rC+ rCorr Ice}
   (You found it on level 7 of a ziggurat)

   [staff of cold]

   Base accuracy: +5 Base damage: 5 Base attack delay: 1.2 This weapon's minimum
   attack delay (0.6) is reached at skill level 12.
   rC+:       It protects you from cold.
   rCorr:     It protects you from acid and corrosion.
   Ice:       It increases the power of your Ice spells.
   It falls into the 'Staves' category.
   It is a one-handed weapon.
 t - the staff of the Candelabrum {rElec rN+ MP+9 Dex+2 Ice Air}
   (You found it on level 12 of a ziggurat)

   [staff of air]

   Base accuracy: +5 Base damage: 5 Base attack delay: 1.2 This weapon's minimum
   attack delay (0.6) is reached at skill level 12.
   Dex+2:     It affects your dexterity (+2).
   rElec:     It insulates you from electricity.
   rN+:       It protects you from negative energy.
   MP+9:      It affects your magic capacity (+9).
   Ice:       It increases the power of your Ice spells.
   Air:       It increases the power of your Air spells.
   It falls into the 'Staves' category.
   It is a one-handed weapon.
 y - the staff of Qanky (weapon) {rF+ SInv Conj Hexes Fire}
   (You found it on level 5 of the Pits of Slime)

   [staff of fire]

   Base accuracy: +5 Base damage: 5 Base attack delay: 1.2 This weapon's minimum
   attack delay (0.6) is reached at skill level 12.
   rF+:       It protects you from fire.
   SInv:      It lets you see invisible.
   Conj:      It increases the power of your Conjurations spells.
   Hexes:     It increases the power of your Hexes spells.
   Fire:      It increases the power of your Fire spells.
   It falls into the 'Staves' category.
   It is a one-handed weapon.
Jewellery
 c - the ring "Tanes" (left hand) {Wiz Will+}
   (You found it in a Gauntlet)

   [ring of wizardry]

   Wiz:       It improves your spell success rate.
   Will+:     It increases your willpower.
 h - an amulet of magic regeneration (around neck)
 k - a ring of see invisible
 n - the ring "Uhenaen" {rPois rF+ rCorr Dex-5}
   (You found it on level 5 of the Pits of Slime)

   [ring of protection from fire]

   Dex-5:     It affects your dexterity (-5).
   rF+:       It protects you from fire.
   rPois:     It protects you from poison.
   rCorr:     It protects you from acid and corrosion.
 z - the ring of Wishful Thinking (right hand) {Fire Int+5 Stlth+}
   (You took it off a deep elf archer on level 3 of the Elven Halls)

   [ring of fire]

   Fire:      It enhances your fire magic.
   Int+5:     It affects your intelligence (+5).
   rF+:       It protects you from fire.
   rC-:       It makes you vulnerable to cold.
   Stlth+:    It makes you more stealthy.
 E - the ring of Umodobb {Fly rC+ Int+2 Dex+2}
   (You found it on level 8 of a ziggurat)

   [ring of flight]

   Int+2:     It affects your intelligence (+2).
   Dex+2:     It affects your dexterity (+2).
   rC+:       It protects you from cold.
   Fly:       It grants you flight.
 Q - the ring "Imogu" {Fly rN++ Will+ Str+3}
   (You found it on level 3 of the Crypt)

   [ring of flight]

   Str+3:     It affects your strength (+3).
   rN++:      It greatly protects you from negative energy.
   Will+:     It increases your willpower.
   Fly:       It grants you flight.
 R - the ring "Mecieg" {rN++ EV+5 Stlth+}
   (You found it on level 3 of the Crypt)

   [ring of evasion]

   EV+5:      It affects your evasion (+5).
   rN++:      It greatly protects you from negative energy.
   Stlth+:    It makes you more stealthy.
 V - an amulet of regeneration
 Y - a ring of magical power
Talismans
 a - a storm talisman
Wands
 x - a wand of light (83)
 C - a wand of polymorph (9)
 P - a wand of roots (81)
Scrolls
 d - 7 scrolls of butterflies
 g - a scroll of brand weapon
 i - 8 scrolls of blinking
 j - 2 scrolls of amnesia
 s - 4 scrolls of silence
 A - 14 scrolls of revelation
 B - 8 scrolls of fog
 H - 8 scrolls of immolation
 L - 23 scrolls of teleportation
 Z - 7 scrolls of fear
Potions
 b - 9 potions of magic
 e - 2 potions of mutation
 m - 11 potions of might
 q - 4 potions of enlightenment
 r - 20 potions of curing
 u - a potion of lignification
 F - 8 potions of haste
 G - 12 potions of heal wounds
 I - 5 potions of resistance
 J - 6 potions of cancellation
 K - 5 potions of invisibility
 N - 2 potions of brilliance
 X - a potion of berserk rage
Miscellaneous
 w - a phantom mirror


   Skills:
 - Level 10.0 Fighting
 - Level 2.0 Dodging
 - Level 2.0 Stealth
 + Level 10.8 Unarmed Combat
 - Level 17.0 Spellcasting
 - Level 21.0 Conjurations
 - Level 7.0 Hexes
 - Level 12.0 Summonings
 - Level 4.0 Translocations
 - Level 21.0 Fire Magic
 - Level 21.0 Ice Magic
 - Level 1.0 Air Magic
 - Level 9.0 Alchemy
 + Level 23.6 Shapeshifting


You had 9 spell levels left.
You knew the following spells:

 Your Spells              Type           Power      Damage    Failure   Level
a - Fire Storm            Conj/Fire      94%        8d24      2%          9
b - Polar Vortex          Ice            56%        12d7*     2%          9
c - Fulminant Prism       Conj/Alch      59%        3d24      0%          4
d - Iskenderun's Mystic   Conj/Tloc      100%       2d19      (+2d11%     4
e - Iskenderun's Battles  Conj           100%       2d15      0%          5
f - Tukima's Dance        Hex            90%        N/A       1%          3
i - Spellforged Servitor  Conj/Summ      62%        N/A       1%          7
j - Plasma Beam           Fire/Air       65%        2x1d81    1%          6
o - Ozocubu's Armour      Ice            100%       N/A       0%          3
z - Magic Dart            Conj           100%       1d8       0%          1

Your spell library contained the following spells:

 Spells                   Type           Power      Damage    Failure   Level
 Freeze                   Ice            100%       1d10      0%          1
 Kiss of Death            Conj/Necr      100%       2d13      0%          1
 Shock                    Conj/Air       100%       1d9       0%          1
 Sting                    Conj/Alch      100%       1d9       0%          1
 Summon Small Mammal      Summ           100%       N/A       0%          1
 Call Imp                 Summ           100%       N/A       0%          2
 Ensorcelled Hibernation  Hex/Ice        100%       N/A       0%          2
 Momentum Strike          Conj/Tloc      100%       3d10      0%          2
 Searing Ray              Conj           100%       2d8       0%          2
 Static Discharge         Conj/Air       100%       3-8/arc   0%          2
 Call Canine Familiar     Summ           88%        N/A       0%          3
 Dazzling Flash           Conj/Hex       100%       N/A       0%          3
 Frozen Ramparts          Ice            100%       1d16      0%          3
 Hailstorm                Conj/Ice       100%       3d16      0%          3
 Inner Flame              Hex/Fire       100%       N/A       0%          3
 Summon Ice Beast         Ice/Summ       100%       N/A       0%          3
 Volatile Blastmotes      Fire/Tloc      100%       2d18      0%          3
 Ignite Poison            Fire/Alch      100%       N/A       0%          4
 Sticky Flame             Fire/Alch      100%       2d15      0%          4
 Summon Blazeheart Golem  Fire/Summ      100%       N/A       0%          4
 Fireball                 Conj/Fire      94%        3d34      0%          5
 Starburst                Conj/Fire      94%        6d23      0%          6
 Apportation              Tloc           100%       N/A       1%          1
 Necrotise                Necr           100%       1d9       1%          1
 Sandblast                Erth           62%        2d14      1%          1
 Slow                     Hex            100%       N/A       1%          1
 Blink                    Tloc           100%       N/A       1%          2
 Jinxbite                 Hex            100%       N/A       1%          2
 Lesser Beckoning         Tloc           100%       N/A       1%          2
 Mercury Vapours          Alch/Air       100%       N/A       1%          2
 Sublimation of Blood     Necr           31%        N/A       1%          2
 Confusing Touch          Hex            90%        N/A       1%          3
 Fugue of the Fallen      Necr           31%        N/A       1%          3
 Passwall                 Erth           31%        N/A       1%          3
 Swiftness                Air            38%        N/A       1%          3
 Vampiric Draining        Necr           31%        2d8       1%          3
 Airstrike                Air            19%        2d(3-19)  1%          4
 Anguish                  Hex/Necr       36%        N/A       1%          4
 Animate Armour           Summ/Erth      100%       N/A       1%          4
 Brom's Barrelling Bould  Conj/Erth      100%       2d11      1%          4
 Cause Fear               Hex            45%        N/A       1%          4
 Dimensional Bullseye     Hex/Tloc       41%        N/A       1%          4
 Leda's Liquefaction      Alch/Erth      29%        N/A       1%          4
 Martyr's Knell           Necr/Summ      66%        N/A       1%          4
 Olgreb's Toxic Radiance  Alch           78%        N/A       1%          4
 Passage of Golubria      Tloc           57%        N/A       1%          4
 Petrify                  Alch/Erth      59%        N/A       1%          4
 Summon Lightning Spire   Summ/Air       68%        N/A       1%          4
 Vhi's Electric Charge    Tloc/Air       100%       N/A       1%          4
 Alistair's Intoxication  Alch           52%        N/A       1%          5
 Arcjolt                  Conj/Air       53%        1d63      1%          5
 Irradiate                Conj/Alch      59%        3d31      1%          5
 Metabolic Englaciation   Hex/Ice        58%        N/A       1%          5
 Yara's Violent Unravell  Hex/Alch       47%        3d18      1%          5
 Bombard                  Conj/Erth      52%        9d9       1%          6
 Conjure Ball Lightning   Conj/Air       53%        3x3d18    1%          6
 Eringya's Noxious Bog    Alch           39%        4d6       1%          6
 Permafrost Eruption      Ice/Erth       41%        2x4d12    1%          6
 Sculpt Simulacrum        Ice/Alch       48%        N/A       1%          6
 Summon Cactus Giant      Summ           44%        N/A       1%          6
 Orb of Destruction       Conj           68%        9d16      1%          7
 Ozocubu's Refrigeration  Ice            56%        4d19      1%          7
 Ignition                 Fire           80%        3d21      1%          8
 Monstrous Menagerie      Summ           44%        N/A       2%          7
 Summon Hydra             Summ           44%        N/A       2%          7
 Lee's Rapid Deconstruct  Erth           15%        3d10*     3%          5
 Animate Dead             Necr           31%        N/A       4%          4
 Lehudib's Crystal Spear  Conj/Erth      52%        10d12     10%         8
 Borgnjor's Vile Clutch   Necr/Erth      15%        N/A       12%         5
 Curse of Agony           Necr           31%        N/A       12%         5
 Dispersal                Tloc           28%        N/A       12%         6
 Enfeeble                 Hex            45%        N/A       21%         7
 Haunt                    Necr/Summ      33%        N/A       28%         7
 Manifold Assault         Tloc           28%        N/A       52%         7
 Chain Lightning          Conj/Air       53%        3d70      65%         9
 Maxwell's Capacitive Co  Air            19%        ∞         95%         8
 Disjunction              Tloc           28%        N/A       99%         8
 Shatter                  Erth           15%        3d15*     99%         9
 Infestation              Necr           15%        N/A       100%        8


Dungeon Overview and Level Annotations

Branches:
Dungeon (15/15)            Temple (1/1) D:7            Lair (5/5) D:11
 Shoals (4/4) Lair:2        Snake (4/4) Lair:2        Slime (5/5) Lair:5
    Orc (2/2) D:12            Elf (3/3) Orc:2        Vaults (5/5) D:14
  Crypt (3/3) Vaults:2       Tomb (0/3) Crypt:3      Depths (4/4) D:15
    Zot (0/5) Depths:4     Bailey (visited)           IceCv (visited)
Gauntlet (visited)

Altars:
Ashenzari
Cheibriados
Dithmenos
Elyvilon
Fedhas
Gozag
Hepliaklqana
Kikubaaqudgha
Makhleb
Nemelex Xobeh
Okawaru
Qazlal
Ru
Sif Muna
Trog
Uskayaw
Vehumet
Wu Jian
Xom
Yredelemnul
Zin
The Shining One
Beogh
Jiyva

Shops:
D:5 ?   D:11 *   D:15 :   Orc:2 :*?[   Elf:2 *[=   Elf:3 [*   Shoals:2 !
Shoals:3 ?:**   Snake:2 :==:   Snake:4 ?   Vaults:3 ?   Depths:4 :

Portals:
Hell: Depths:1 Depths:2 Depths:3 Depths:4
Abyss: Depths:3 Depths:4
Pandemonium: Depths:2


Innate Abilities, Weirdness & Mutations

You regain HP and MP as you explore.


Message History

A royal mummy comes into view.
The mummy priest prays to its god.
You feel much better.
You destroy the death scarab!
The death scarab's corpse disappears in a puff of smoke!
You destroy the death scarab!
Vehumet accepts your kill.
You feel your power returning.
Your fire vortex dissipates!
You destroy the guardian mummy!
Vehumet accepts your kill.
You feel your power returning.
You feel extremely nervous for a moment...
You are engulfed in negative energy!
You feel drained.
Your spellforged servitor gestures wildly while chanting.
The bolt of lightning hits the ushabti!
The ushabti resists.
The ushabti is destroyed!
Vehumet accepts your kill.
An ushabti comes into view.
The golden dragon skeleton is engulfed in blazing flames.
The mummy priest mumbles some strange prayers to its god against you.
Something smites you!
* * * LOW HITPOINT WARNING * * *
You feel much better.
You destroy the necrophage!
The necrophage's corpse disappears in a puff of smoke!
The winds around you start to calm down.
You float gracefully downwards.
You hear a faint skittering sound.
The jiangshi claws you!
* * * LOW HITPOINT WARNING * * *
The jiangshi draws strength from your injuries!
The jiangshi claws you!
* * * LOW HITPOINT WARNING * * *
The jiangshi draws strength from your injuries!
The jiangshi completely misses you. The jiangshi claws you.
* * * LOW HITPOINT WARNING * * *
The jiangshi draws strength from your injuries!
An iron dragon skeleton comes into view.
The golden dragon skeleton bites you!!
You die...

. .....
▓▓▓▓▓▓▓M....
▓§§§§§§9....
▓§§§§§§§)...
▓§V§§§§§M.Z.
▓Z@§§§§§.M..
▓§§§§§§§W9†v
▓°§§§§§§.Z..
▓○§§§§§§....
▓§§§§§§§....
▓§§§§§§§....
▓.....).....
▓...........
▓▓▓▓▓▓▓.....
.....


You could see a royal mummy (ally target), a mummy priest, a jiangshi
(summoned), an ushabti, a wraith (summoned), a mummy, an iron dragon skeleton, a
golden dragon skeleton and a friendly spellforged servitor (summoned).

Vanquished Creatures
  Dissolution (Slime:3)
  the Royal Jelly (Slime:5)
  2 ancient liches
  Mara (Vaults:3)
  A juggernaut (Depths:2)
  Mennas (Vaults:3)
  4 royal mummies (Zig:13)
  Bai Suzhen (Crypt:1)
  A shard shrike (Zig:7)
  Boris (twice) (Depths:1 Crypt:3)
  A pandemonium lord (Zig:5)
  Margery (Vaults:2)
  A caustic shrike (Zig:8)
  Norris (Vaults:1)
  8 golden dragons
  Nikola (Shoals:1)
  the Enchantress (Depths:1)
  4 doom hounds (Zig:9)
  A Tzitzimitl (Zig:9)
  Jorgrun (Shoals:1)
  A shard shrike zombie (Crypt:3)
  2 hellephants
  A walking earthen tome (Depths:3)
  4 tentacled monstrosities
  6 liches
  Asterion (Depths:1)
  2 deep elf master archers (Elf:3)
  A walking divine tome (Depths:2)
  2 quicksilver dragons
  6 titans (Vaults:5)
  19 acid blobs
  3 walking frostbound tomes
  14 sphinxes
  Frances (D:13)
  A tentacled starspawn (Zig:12)
  2 krakens
  7 shadow dragons
  Kirke (D:15)
  12 azure jellies
  Agnes (Elf:2)
  8 tengu reavers
  2 storm dragons
  2 revenants
  10 fire giants
  A draconian monk (Depths:4)
  6 nagarajas
  15 rockslimes
  8 frost giants
  15 vault wardens
  A deep elf elementalist (Elf:3)
  2 iron dragons (Vaults:5)
  A caustic shrike zombie (Crypt:3)
  A reaper (Vaults:5)
  A curse skull (Crypt:1)
  2 orc warlords
  4 spriggan defenders
  8 ironbound thunderhulks
  A ghoul (Crypt:3)
  9 quicksilver oozes
  A draconian annihilator (Depths:4)
  11 vampire knights
  19 ironbound preservers
  2 demonspawn blood saints (Zig:5)
  26 very ugly things
  8 formless jellyfish
  17 stone giants
  A deep elf demonologist (Elf:3)
  2 bennus (Zig:13)
  9 war gargoyles
  2 red draconians (Depths:4)
  A yellow draconian (Depths:4)
  A lorocyproca (Zig:5)
  Nessos (Lair:4)
  4 putrid mouths
  5 deep elf annihilators
  A spectral hellephant (Crypt:2)
  2 black draconians (Depths:4)
  6 deep elf death magi
  10 dire elephants
  4 spark wasps
  A minotaur (Shoals:4)
  An eidolon (Zig:12)
  A wendigo (Zig:1)
  A green death (Depths:2)
  7 ettins
  8 crystal guardians
  7 merfolk javelineers
  15 jiangshi
  6 merfolk impalers
  6 deep elf high priests
  3 blizzard demons
  6 fire dragons
  2 entropy weavers
  Josephine (D:10)
  A spriggan zombie (Crypt:1)
  28 vault guards
  2 salamander tyrants
  4 hydras
  A spectral shadow dragon (Crypt:2)
  17 yaktaur captains
  A juggernaut simulacrum (Zig:7)
  4 ice dragons
  3 merfolk avatars
  5 rakshasas
  9 great orbs of eyes
  5 peacekeepers
  5 boulder beetles
  7 spriggan air magi
  A sphinx zombie (Vaults:4)
  2 ogre magi
  A spriggan skeleton (Crypt:1)
  4 anacondas
  5 two-headed ogres (D:11)
  34 dancing weapons
  8 ironbound frosthearts
  2 alligator snapping turtles
  Erica (D:10)
  2 death scarabs (Zig:13)
  6 death yaks
  2 death knights (Crypt:1)
  11 centaur warriors
  10 satyrs
  6 deep troll earth magi
  A tengu warrior (Depths:2)
  6 deep troll shamans
  2 thrashing horrors (Zig:12)
  3 shock serpents
  2 spectral elves (Crypt:2)
  4 occultists (Depths:4)
  8 spriggan berserkers
  7 vampire magi
  2 orc high priests
  12 hell knights
  2 soul eaters
  9 naga sharpshooters
  2 sun demons (Depths:4)
  8 iron trolls
  4 naga warriors
  7 deep elf knights
  11 sea snakes
  4 skysharks
  3 wretched stars (Zig:12)
  A glowing orange brain (shapeshifter) (Depths:3)
  18 skeletal warriors
  A skyshark (shapeshifter) (Depths:2)
  A spriggan druid (Zig:8)
  Nergalle (D:10)
  A salamander mystic (Snake:2)
  A shadow wraith (Zig:12)
  A spatial maelstrom (Zig:12)
  58 deep trolls
  4 glowing orange brains
  7 mana vipers
  A quicksilver dragon simulacrum (Zig:13)
  A flayed ghost (Crypt:1)
  3 naga ritualists
  7 phantasmal warriors
  4 deep elf archers
  5 arcanists
  A bog body (Crypt:3)
  2 thermic dynamos (Elf:3)
  A kraken simulacrum (Shoals:2)
  23 harpies
  An obsidian bat (Orc:2)
  13 necromancers
  18 ironbound convokers
  An iron giant skeleton (Crypt:1)
  A steelbarb worm (shapeshifter) (Vaults:5)
  39 ugly things
  2 human zombies
  2 orc knights
  5 deep elf zephyrmancers
  4 deep elf pyromancers
  5 shining eyes
  6 cyclopes
  An orc sorcerer (D:15)
  A mana viper (shapeshifter) (Vaults:5)
  A fire giant zombie (Vaults:3)
  30 fauns
  A tengu skeleton (Vaults:4)
  A will-o-the-wisp (Zig:12)
  19 manticores
  3 salamanders
  4 large abominations (Zig:12)
  A manticore (shapeshifter) (Vaults:5)
  An eleionoma skeleton (Crypt:2)
  14 elephants
  5 meliai
  3 guardian serpents
  12 vault sentinels
  2 human skeletons
  A centaur zombie (Crypt:1)
  7 kobold blastminers
  An ice statue (IceCv)
  16 black mambas
  11 merfolk sirens
  A torpor snail (Lair:4)
  A smoke demon (Zig:12)
  7 water nymphs
  An apocalypse crab (Zig:12)
  3 naga magi
  2 unseen horrors (D:11)
  3 eyes of devastation
  11 cane toads
  2 gargoyles
  A hellion (Zig:9)
  40 yaktaurs
  2 kobold demonologists
  A tormentor (Zig:9)
  2 elf skeletons (Vaults:2)
  6 rime drakes
  2 tengu conjurers
  3 freezing wraiths
  3 yaktaur skeletons
  Psyche (D:8)
  5 komodo dragons
  An ice devil (Gauntlet)
  A harpy zombie (Crypt:3)
  3 guardian mummies (Zig:13)
  A queen bee (shapeshifter) (Vaults:5)
  8 trolls
  25 merfolk
  A merfolk (shapeshifter) (Vaults:5)
  An ettin zombie (Vaults:2)
  3 wind drakes
  3 glass eyes
  8 snapping turtles
  A tarantella zombie (Crypt:2)
  8 polar bears
  A raiju (Zig:12)
  5 hornets
  Grinder (D:4)
  17 blink frogs
  117 slime creatures
  16 water elementals
  5 spriggans
  5 shadows
  11 wraiths
  95 yaks
  2 fire elementals (Elf:2)
  5 wyverns
  6 basilisks
  A human simulacrum (Vaults:3)
  2 death yak simulacra
  A neqoxec (Zig:12)
  A nameless horror (Lair:5)
  3 golden eyes
  A redback (Vaults:4)
  3 alligator snapping turtle simulacra (Shoals:2)
  2 wargs
  A sea snake simulacrum (Shoals:2)
  4 steam dragons
  4 vampire mosquitoes (D:12)
  2 acid dragons (D:11)
  10 nagas
  A faun zombie (Crypt:1)
  19 water moccasins
  Duvessa (D:4)
  55 orc warriors
  4 satyr simulacra (Shoals:2)
  30 laughing skulls
  2 ice beasts
  4 black bears
  An ettin simulacrum (Vaults:2)
  9 ogres
  7 centaurs
  16 wolves (IceCv)
  A lindwurm skeleton (Crypt:2)
  A phantom (D:4)
  A kobold brigand (D:10)
  11 bullfrogs
  A two-headed ogre simulacrum (D:13)
  3 gnoll sergeants
  4 earth elementals
  A glowing shapeshifter simulacrum (Vaults:2)
  3 scorpions
  3 faun simulacra (Shoals:2)
  A merfolk simulacrum (Shoals:2)
  4 wights (D:9)
  A wyvern skeleton (Crypt:1)
  A shapeshifter zombie (Crypt:1)
  Dowan (D:4)
  An elephant simulacrum (D:13)
  16 killer bees
  A manticore simulacrum (Shoals:2)
  2 snapping turtle simulacra (Shoals:2)
  6 howler monkeys
  11 electric eels
  4 lava snakes (Lair:1)
  14 orc priests
  A bombardier beetle (D:5)
  4 hounds
  11 jellies
  A cyclops simulacrum (Shoals:2)
  An iguana (D:4)
  Natasha (thrice) (D:4)
  20 orc wizards
  A polar bear simulacrum (D:13)
  9 hell rats
  A spriggan simulacrum (D:13)
  A troll simulacrum (D:13)
  2 centaur simulacra (Shoals:2)
  5 mummies (Zig:13)
  Robin (D:3)
  14 gnolls
  6 adders
  4 shadow imps
  4 white imps
  An iguana zombie (Crypt:2)
  3 dart slugs
  2 ribbon worms
  87 orcs
  6 ball pythons
  5 bats
  8 endoplasms
  2 giant cockroaches
  20 goblins
  5 hobgoblins
  6 jackals
  7 quokkas
  13 frilled lizards
  14 kobolds
  3 rats
  129 fire vortices
  4 tentacles
2202 creatures vanquished.

Vanquished Creatures (collateral kills)
  An ancient lich (Crypt:3)
  A golden dragon (Depths:2)
  2 bone dragons
  3 liches
  Rupert (D:15)
  3 deep elf blademasters
  A quicksilver dragon (Snake:4)
  A sphinx (Vaults:2)
  2 acid blobs
  2 deep elf master archers (Elf:3)
  A tentacled starspawn (Zig:12)
  2 shadow dragons
  A rockslime (Slime:3)
  An azure jelly (Slime:5)
  A storm dragon (Depths:4)
  A fire giant (Vaults:5)
  Aizul (Snake:3)
  7 deep elf sorcerers
  2 frost giants
  A vault warden (Vaults:1)
  8 deep elf elementalists
  A juggernaut zombie (Crypt:3)
  2 orc warlords
  3 formless jellyfish
  A curse skull (Crypt:2)
  2 ironbound preservers
  An ironbound thunderhulk (Vaults:2)
  2 stone giants (Vaults:5)
  2 vampire knights
  A deep elf demonologist (Elf:3)
  A black draconian (Depths:4)
  4 dire elephants (Vaults:3)
  Azrael (Elf:2)
  A spectral hellephant (Crypt:2)
  8 deep elf annihilators
  5 deep elf death magi
  A minotaur (Gauntlet)
  2 eidola
  5 jiangshi
  A fire dragon (D:14)
  4 deep elf high priests
  4 vault guards (D:14)
  A yaktaur captain (Vaults:5)
  A great orb of eyes (Vaults:2)
  2 rakshasas
  4 hydras
  2 spriggan zombies (Crypt:3)
  A salamander tyrant (Snake:4)
  3 centaur warriors (D:14)
  4 catoblepae (Lair:5)
  4 anacondas
  2 ogre magi (D:14)
  A boulder beetle (D:15)
  3 dancing weapons (Elf:2)
  3 tengu warriors (D:14)
  6 death yaks
  A vampire mage (Crypt:2)
  2 shock serpents (Snake:2)
  4 naga warriors
  A titan zombie (Crypt:3)
  11 deep elf knights
  An orc high priest (Elf:2)
  9 naga sharpshooters
  4 hell knights
  10 skeletal warriors
  A skyshark (Lair:5)
  Lodul (D:13)
  A sea snake (Shoals:3)
  2 salamander mystics
  10 mana vipers
  A bog body (Crypt:3)
  5 deep trolls
  A bunyip skeleton (Crypt:1)
  13 deep elf archers
  2 harpies (Shoals:3)
  4 naga ritualists
  2 phantasmal warriors
  An iron giant skeleton (Crypt:3)
  2 necromancers
  2 orc sorcerers
  21 deep elf pyromancers
  24 deep elf zephyrmancers
  7 orc knights
  3 ugly things (D:14)
  5 fauns
  4 manticores
  A worldbinder (Gauntlet)
  9 salamanders
  A vault sentinel (Vaults:4)
  26 black mambas
  3 meliai
  A kobold blastminer (Orc:2)
  A dire elephant zombie (Crypt:3)
  3 centaur zombies (D:15)
  An alligator snapping turtle zombie (Crypt:3)
  4 guardian serpents
  3 elephants (Lair:5)
  A smoke demon (Depths:2)
  18 naga magi
  2 water nymphs
  An eye of devastation (Slime:1)
  2 merfolk sirens
  2 centaur skeletons
  A torpor snail (shapeshifter) (D:14)
  3 gargoyles (D:14)
  2 komodo dragons (Lair:5)
  2 cane toads (Lair:5)
  A rime drake (shapeshifter) (D:14)
  5 freezing wraiths
  2 tengu conjurers
  2 yaktaurs (D:14)
  5 merfolk
  2 guardian mummies (Zig:13)
  A grey draconian skeleton (Crypt:1)
  2 trolls
  A hornet (shapeshifter) (D:15)
  A harpy skeleton (Crypt:3)
  3 snapping turtles
  2 air elementals
  18 slime creatures
  A vampire (D:14)
  4 wraiths
  3 water elementals
  5 fire elementals
  8 yaks
  An ushabti (Zig:13)
  4 golden eyes (Slime:4)
  5 vampire mosquitoes
  A sea snake simulacrum (Shoals:2)
  2 wargs
  31 nagas
  A hell hound (Elf:2)
  A water moccasin (Lair:5)
  18 orc warriors
  13 laughing skulls
  5 ogres
  4 centaurs
  3 boggarts (Gauntlet)
  An elf zombie (Crypt:2)
  3 wights (D:9)
  A faun simulacrum (Shoals:2)
  A two-headed ogre simulacrum (D:13)
  A killer bee (D:11)
  9 orc priests
  2 jellies (Lair:5)
  A bullfrog skeleton (Crypt:2)
  A boggart zombie (D:15)
  2 orc wizards (Orc:1)
  A polar bear simulacrum (D:13)
  A centaur simulacrum (Shoals:2)
  A naga skeleton (Crypt:1)
  A mummy (Zig:13)
  A gnoll (Bailey)
  4 white imps (Gauntlet)
  An iguana skeleton (Crypt:2)
  14 orcs
  A river rat skeleton (Crypt:2)
576 creatures vanquished.

Vanquished Creatures (others)
  A very ugly thing (Depths:4)
  A spark wasp (Depths:4)
  2 deep elf knights (Elf:2)
  8 dancing weapons
  An elephant (Lair:5)
  3 humans (D:15)
  2 orc warriors (Orc:2)
  An orc wizard (D:14)
  334 fire vortices
  2 foxfires (Zig:12)
  102 fulminant prisms
  A starspawn tentacle (Zig:12)
  12 tentacles
470 creatures vanquished.

Grand Total: 3248 creatures vanquished

Notes
Turn   | Place    | Note
-------+----------+-------------------------------------------
     0 | D:1      | ShinQuickMan the Human Conjurer began the quest for the
                  | Orb.
     0 | D:1      | Reached XP level 1. HP: 13/13 MP: 3/3
    77 | D:1      | Reached skill level 1 in Alchemy
   171 | D:1      | Reached XP level 2. HP: 18/19 MP: 5/5
   174 | D:1      | Learned a level 2 spell: Searing Ray
   604 | D:2      | Reached XP level 3. HP: 24/24 MP: 2/6
  1083 | D:2      | Reached XP level 4. HP: 30/30 MP: 4/8
  1088 | D:2      | Learned a level 4 spell: Fulminant Prism
  1373 | D:3      | Found a radiant altar of Vehumet.
  1380 | D:3      | Became a worshipper of Vehumet
  1403 | D:3      | Noticed Robin
  1417 | D:3      | Killed Robin
  1539 | D:3      | Found a faded altar of an unknown god.
  1589 | D:3      | Reached XP level 5. HP: 35/35 MP: 9/9
  1895 | D:4      | Noticed Natasha
  1899 | D:4      | Killed Natasha
  1899 | D:4      | Reached * piety under Vehumet
  1899 | D:4      | Offered knowledge of Sting by Vehumet.
  1977 | D:4      | Noticed Grinder
  2010 | D:3      | Learned a level 4 spell: Iskenderun's Mystic Blast
  2100 | D:4      | Noticed a water moccasin
  2102 | D:4      | Noticed Natasha
  2109 | D:4      | Killed Natasha
  2139 | D:5      | Entered Level 5 of the Dungeon
  2159 | D:5      | Reached XP level 6. HP: 41/41 MP: 3/11
  2180 | D:5      | Noticed a water moccasin
  2187 | D:5      | Killed a water moccasin
  2188 | D:5      | Reached skill level 1 in Translocations
  2507 | D:5      | Reached skill level 5 in Conjurations
  2507 | D:5      | Reached XP level 7. HP: 35/46 MP: 0/13
  2511 | D:5      | Found The Oracle's Delphic Readings.
  2958 | D:4      | Noticed Natasha
  2964 | D:4      | Killed Natasha
  3201 | D:4      | Killed Grinder
  3202 | D:4      | Reached XP level 8. HP: 52/52 MP: 2/14
  3387 | D:4      | Reached ** piety under Vehumet
  3387 | D:4      | Offered knowledge of Momentum Strike by Vehumet.
  3391 | D:4      | Reached skill level 1 in Fighting
  3642 | D:4      | Noticed Dowan
  3643 | D:4      | Noticed Duvessa
  3650 | D:4      | Killed Duvessa
  3657 | D:4      | Killed Dowan
  3926 | D:6      | Noticed a +0 dagger
  3926 | D:6      | Noticed a +0 dagger
  3926 | D:6      | Found a hide-covered altar of Uskayaw.
  4132 | D:6      | Reached XP level 9. HP: 60/66 MP: 5/15
  4383 | D:7      | Noticed a gargoyle
  4391 | D:7      | Killed a gargoyle
  4392 | D:7      | Reached skill level 5 in Fighting
  4515 | D:7      | Learned a level 3 spell: Tukima's Dance
  4534 | D:7      | Offered knowledge of Static Discharge by Vehumet.
  4541 | D:7      | Reached skill level 1 in Hexes
  4560 | D:7      | Found a flagged portal.
  4587 | Bailey   | Entered a bailey
  4708 | Bailey   | Reached *** piety under Vehumet
  4975 | Bailey   | Noticed an orc knight
  5060 | Bailey   | Killed an orc knight
  5423 | D:7      | Found a staircase to the Ecumenical Temple.
  5643 | D:7      | Offered knowledge of Volatile Blastmotes by Vehumet.
  6012 | D:7      | Reached skill level 5 in Hexes
  6205 | D:8      | Noticed Psyche
  6242 | D:8      | Reached XP level 10. HP: 74/74 MP: 14/16
  6275 | D:8      | Found a glowing golden altar of the Shining One.
  6303 | D:8      | Found a white marble altar of Elyvilon.
  6346 | D:8      | Killed Psyche
  6347 | D:8      | Reached skill level 10 in Conjurations
  7034 | D:9      | Reached **** piety under Vehumet
  7204 | D:9      | Offered knowledge of Dazzling Flash by Vehumet.
  7205 | D:9      | Reached skill level 5 in Spellcasting
  7276 | D:9      | Found a transporter.
  7301 | D:9      | Found a transporter.
  7831 | D:10     | Entered Level 10 of the Dungeon
  7839 | D:10     | Reached XP level 11. HP: 79/79 MP: 14/21
  7840 | D:10     | Noticed Nergalle
  8093 | D:10     | Noticed Erica
  8359 | D:10     | Learned a level 5 spell: Iskenderun's Battlesphere
  8559 | D:10     | Noticed Josephine
  8568 | D:10     | Killed Josephine
  8572 | D:10     | Reached ***** piety under Vehumet
  8687 | D:10     | Killed Nergalle
  8923 | D:10     | Found a shimmering blue altar of Sif Muna.
  8923 | D:10     | Found a sparkling altar of Nemelex Xobeh.
  8930 | D:10     | Found a broken altar of Ashenzari.
  8932 | D:10     | Found a bloodstained altar of Trog.
  8934 | D:10     | Found an opulent altar of Gozag.
  8955 | D:10     | Killed Erica
  9093 | D:11     | Noticed a two-headed ogre
  9104 | D:11     | Killed a two-headed ogre
  9184 | D:11     | Noticed a boulder beetle
  9202 | D:11     | Killed a boulder beetle
  9203 | D:11     | Reached skill level 10 in Spellcasting
  9353 | D:11     | Noticed a two-headed ogre
  9363 | D:11     | Killed a two-headed ogre
  9364 | D:11     | Reached XP level 12. HP: 86/86 MP: 17/26
  9497 | D:11     | Noticed a two-headed ogre
  9501 | D:11     | Killed a two-headed ogre
  9509 | D:11     | Offered knowledge of Ozocubu's Refrigeration by Vehumet.
  9538 | D:11     | Noticed a two-headed ogre
  9562 | D:11     | Killed a two-headed ogre
  9682 | D:11     | Found Gerem's Assorted Antiques.
  9686 | D:11     | Noticed a two-headed ogre
  9691 | D:11     | Killed a two-headed ogre
  9698 | D:11     | Got the Lessons on Battle Magic and Vitriol
  9722 | D:11     | Bought an ancient tin ring for 125 gold pieces
  9722 | D:11     | Identified the ring of Emneevuz {^Contam rC+ Will+ EV+5
                  | Dex+7} (You bought it in a shop on level 11 of the Dungeon)
  9734 | D:11     | Found a staircase to the Lair.
 10108 | D:11     | Noticed a centaur warrior
 10113 | D:11     | Killed a centaur warrior
 10145 | D:11     | Found a runed translucent door.
 10145 | D:11     | Found a runed translucent door.
 10146 | D:11     | Noticed a deep troll earth mage
 10146 | D:11     | Found a runed translucent door.
 10149 | D:11     | Noticed an ogre mage
 10163 | D:11     | Reached skill level 15 in Conjurations
 10167 | D:11     | Killed a deep troll earth mage
 10168 | D:11     | Reached skill level 5 in Alchemy
 10415 | D:11     | Learned a level 4 spell: Olgreb's Toxic Radiance
 10822 | D:11     | Reached XP level 13. HP: 71/91 MP: 10/27
 11011 | D:11     | Identified the +11 war axe of Luuneha {elec, rPois Dex+3}
 11011 | D:11     | Identified the +2 sling of Beogh's Whim {drain, ^Drain
                  | Int+6}
 11565 | Temple   | Entered the Ecumenical Temple
 12458 | D:12     | Found a white marble altar of Elyvilon.
 12647 | D:12     | Found a staircase to the Orcish Mines.
 13035 | Lair:1   | Entered Level 1 of the Lair of Beasts
 13509 | Lair:1   | Offered knowledge of Eringya's Noxious Bog by Vehumet.
 13992 | Lair:2   | Identified the +1 ring mail of Cowardice {Dex+3}
 14258 | Lair:2   | Reached XP level 14. HP: 98/98 MP: 21/30
 14314 | Lair:2   | Found a staircase to the Shoals.
 14643 | Lair:2   | Found a staircase to the Snake Pit.
 16052 | Lair:4   | Offered knowledge of Spellforged Servitor by Vehumet.
 16061 | Lair:4   | Learned a level 7 spell: Spellforged Servitor
 16085 | Lair:4   | Reached skill level 1 in Summonings
 16101 | Lair:4   | Noticed Nessos
 16114 | Lair:4   | Killed Nessos
 16594 | Lair:5   | Entered Level 5 of the Lair of Beasts
 16705 | Lair:4   | Learned a level 7 spell: Orb of Destruction
 16744 | Lair:5   | Reached skill level 5 in Summonings
 16750 | Lair:5   | Found a staircase to the Slime Pits.
 16750 | Lair:5   | Found a viscous altar of Jiyva.
 16946 | Lair:5   | Reached skill level 15 in Spellcasting
 16967 | Lair:5   | Reached XP level 15. HP: 98/103 MP: 23/34
 16983 | Lair:5   | Offered knowledge of Permafrost Eruption by Vehumet.
 17033 | Lair:5   | Found a shadowy altar of Dithmenos.
 17201 | Lair:5   | Identified the +4 whip of Departure {freeze, rPois}
 17610 | Lair:5   | Reached skill level 10 in Summonings
 18606 | Orc:1    | Entered Level 1 of the Orcish Mines
 18873 | Orc:2    | Entered Level 2 of the Orcish Mines
 18960 | Orc:2    | Noticed an orc warlord
 18982 | Orc:2    | Killed an orc warlord
 19091 | Orc:2    | Found a staircase to the Elven Halls.
 19097 | Orc:2    | Noticed an orc warlord
 19112 | Orc:2    | Killed an orc warlord
 19543 | Orc:2    | Offered knowledge of Lee's Rapid Deconstruction by Vehumet.
 19728 | Orc:2    | Found Docur's Assorted Antiques.
 19728 | Orc:2    | Found Ryddim's Magic Scroll Emporium.
 19730 | Orc:2    | Found Futimeul's Antique Armour Shoppe.
 19732 | Orc:2    | Found Reowenug's Book Shop.
 19736 | Orc:2    | Bought an embroidered scarf for 240 gold pieces
 19737 | Orc:2    | Bought a scroll of amnesia for 56 gold pieces
 19739 | Orc:2    | Bought a glowing cloak for 232 gold pieces
 19861 | Orc:1    | Noticed an orc warlord
 19899 | Orc:1    | Killed an orc warlord
 19900 | Orc:1    | Reached skill level 1 in Fire Magic
 20158 | Orc:1    | Found a roughly hewn altar of Beogh.
 20498 | D:13     | Noticed Lodul
 20559 | D:13     | Reached XP level 16. HP: 65/109 MP: 26/35
 20724 | D:13     | Identified the +5 ring mail "Notaeptat" {+Blink Fly rF+
                  | Int-5}
 20817 | D:13     | Found a frozen archway.
 20831 | IceCv    | Entered an ice cave
 20839 | IceCv    | Reached skill level 5 in Fire Magic
 20949 | IceCv    | Reached ****** piety under Vehumet
 21128 | IceCv    | Offered knowledge of Freezing Cloud by Vehumet.
 21685 | D:13     | Killed Lodul
 21957 | D:13     | Noticed Frances
 21981 | D:13     | Killed Frances
 22240 | D:14     | You fall into a shaft and drop 1 floor!
 22240 | D:15     | Entered Level 15 of the Dungeon
 22242 | D:15     | Found a staircase to the Depths.
 22262 | D:15     | Found Ysepnaiqo's Book Emporium.
 22265 | D:15     | Bought a book of Spectacle for 600 gold pieces
 22265 | D:15     | Bought a book of Lightning for 540 gold pieces
 22272 | D:15     | Learned a level 6 spell: Plasma Beam
 22297 | D:15     | Reached skill level 1 in Air Magic
 22305 | D:15     | Found a gate leading to a gauntlet.
 22333 | Gauntlet | Entered a Gauntlet
 22333 | Gauntlet | Found a transporter.
 22339 | Gauntlet | Found a runed translucent door.
 22343 | Gauntlet | Found a transporter.
 22357 | Gauntlet | Found a transporter.
 22364 | Gauntlet | Found a transporter.
 22367 | Gauntlet | Found a transporter.
 22383 | Gauntlet | Found a transporter.
 22394 | Gauntlet | Found a transporter.
 22405 | Gauntlet | Found a transporter.
 22415 | Gauntlet | Found a runed translucent door.
 22417 | Gauntlet | Found a runed translucent door.
 22419 | Gauntlet | Found a transporter.
 22419 | Gauntlet | Found a transporter.
 22447 | Gauntlet | Found a transporter.
 22448 | Gauntlet | Found a transporter.
 22500 | Gauntlet | Found a transporter.
 22515 | Gauntlet | Found a transporter.
 22703 | Gauntlet | Identified the ring "Tanes" {Wiz Will+}
 22724 | Gauntlet | Identified the +8 dagger of Modala {elec, Dex+4}
 22744 | Gauntlet | Got the Elucidation of the Fulgurant Shot
 22883 | D:14     | Noticed a shadow dragon
 22888 | D:14     | Offered knowledge of Bombard by Vehumet.
 22891 | D:14     | Killed a shadow dragon
 23005 | D:14     | Reached skill level 10 in Fire Magic
 23018 | D:14     | Reached XP level 17. HP: 106/115 MP: 36/36
 23028 | D:14     | Found a gate to the Vaults.
 23457 | D:14     | Identified the +8 spear "Pamufeyd" {vamp, Int+2}
 23916 | D:15     | Noticed Rupert
 23920 | D:15     | Killed Rupert
 23932 | D:15     | Noticed Kirke
 23937 | D:15     | Killed Kirke
 24769 | Elf:1    | Entered Level 1 of the Elven Halls
 25440 | Elf:1    | Paralysed by an air elemental for 1 turns
 26027 | Elf:2    | Found a runed translucent gate.
 26032 | Elf:2    | Found a runed translucent gate.
 26033 | Elf:2    | Found a runed translucent gate.
 26108 | Elf:2    | Found Plog's Jewellery Shop.
 26110 | Elf:2    | Found Nerumm's Antique Armour Boutique.
 26112 | Elf:2    | Found Tafaselu's Assorted Antiques.
 26118 | Elf:2    | Bought an embroidered scarf for 176 gold pieces
 26120 | Elf:2    | Bought a scroll labelled AMOWUFA JADAO for 36 gold pieces
 26120 | Elf:2    | Bought a scroll of identify for 72 gold pieces
 26636 | Elf:1    | Found a shimmering blue altar of Sif Muna.
 26721 | Elf:2    | Noticed a deep elf blademaster
 26726 | Elf:2    | Killed a deep elf blademaster
 26728 | Elf:2    | Noticed Agnes
 26736 | Elf:2    | Killed Agnes
 26737 | Elf:2    | Reached XP level 18. HP: 62/121 MP: 5/37
 26772 | Elf:2    | Identified a scroll of acquirement
 27197 | Elf:2    | Noticed Azrael
 27230 | Elf:2    | Killed Azrael
 27337 | Elf:2    | Acquired Great Wizards, Vol. II
 28057 | Elf:3    | Entered Level 3 of the Elven Halls
 28057 | Elf:3    | Found Ocruikuu's Antique Armour Emporium.
 28064 | Elf:3    | Noticed a Brimstone Fiend
 28177 | Elf:3    | Reached skill level 15 in Fire Magic
 28228 | Elf:3    | Noticed a deep elf master archer
 28230 | Elf:3    | Killed a deep elf master archer
 28238 | Elf:3    | Noticed a deep elf master archer
 28260 | Elf:3    | Killed a deep elf master archer
 28417 | Elf:3    | Offered knowledge of Fire Storm by Vehumet.
 28417 | Elf:3    | Offered knowledge of Shatter by Vehumet.
 28417 | Elf:3    | Offered knowledge of Polar Vortex by Vehumet.
 28428 | Elf:3    | Learned a level 9 spell: Fire Storm
 28440 | Elf:3    | Found a shimmering blue altar of Sif Muna.
 28532 | Elf:3    | Found Ydysoxt's Assorted Antiques.
 28540 | Elf:3    | Bought a potion of haste for 250 gold pieces
 28540 | Elf:3    | Bought a potion of heal wounds for 125 gold pieces
 28655 | Elf:3    | Found a shimmering blue altar of Sif Muna.
 28740 | Elf:3    | Identified the +2 robe "Iplamuun" {-Cast rElec rN++ SInv}
 28740 | Elf:3    | Identified the ring of the Tormentor {Int+6 Slay+2 Stlth+}
 28740 | Elf:3    | Noticed a deep elf blademaster
 28744 | Elf:3    | Noticed a deep elf master archer
 28783 | Elf:3    | Killed a deep elf blademaster
 28987 | Elf:3    | Killed a deep elf master archer
 28999 | Elf:3    | Killed a ghostly deep elf blademaster
 29099 | Elf:3    | Noticed a deep elf master archer
 29102 | Elf:3    | Killed a deep elf master archer
 29138 | Elf:3    | Noticed a deep elf blademaster
 29305 | Elf:3    | Identified the ring of Wishful Thinking {Fire Int+5 Stlth+}
 29340 | Elf:3    | Killed a deep elf blademaster
 29341 | Elf:3    | Reached XP level 19. HP: 98/126 MP: 17/38
 29487 | Elf:3    | Got Oxkuutha's Annotations on Haze
 29504 | Elf:3    | Got the Lectures on Solid Desecration
 29516 | Elf:3    | Identified the +3 sling of Buodeaf {elec, *Corrode rElec
                  | rN+++ Dex-4}
 29522 | Elf:3    | Identified the +4 cloak of Ignis's Benevolence {-Tele
                  | Int+5}
 29567 | Elf:3    | Identified the +7 chain mail "Eloetiut" {*Corrode +Inv
                  | Slay+6}
 30843 | Snake:1  | Entered Level 1 of the Snake Pit
 32594 | Snake:2  | Found Vidot's Self-Improvement Boutique.
 32630 | Snake:2  | Found Datepucoysm's Book Emporium.
 32630 | Snake:2  | Found Cobula's Jewellery Boutique.
 32631 | Snake:2  | Found Bient's Jewellery Boutique.
 33174 | Snake:3  | Identified the serpent talisman of Beogh's Benevolence
                  | {Slay+3}
 33174 | Snake:3  | Noticed Aizul
 33186 | Snake:3  | Killed Aizul
 33217 | Snake:3  | Identified the +9 falchion of the Feeding King {speed,
                  | Dex+2 Stlth+}
 33437 | Snake:3  | Identified the flux talisman "Jurith" {rPois rCorr Dex+3}
 33642 | Snake:4  | Entered Level 4 of the Snake Pit
 33990 | Snake:4  | Found Unyepp's Magic Scroll Shoppe.
 34169 | Snake:4  | Reached XP level 20. HP: 133/133 MP: 35/39
 34384 | Snake:4  | Got a serpentine rune of Zot
 34766 | Shoals:1 | Entered Level 1 of the Shoals
 34796 | Shoals:1 | Noticed Jorgrun
 34802 | Shoals:1 | Killed Jorgrun
 34833 | Shoals:1 | Noticed Nikola
 34842 | Shoals:1 | Killed Nikola
 35729 | Shoals:2 | Found Ygyog's Distillery.
 35738 | Shoals:2 | Bought a potion of curing for 48 gold pieces
 35738 | Shoals:2 | Bought a potion of resistance for 160 gold pieces
 35738 | Shoals:2 | Bought a potion of curing for 48 gold pieces
 35738 | Shoals:2 | Bought a potion of curing for 48 gold pieces
 35835 | Shoals:2 | Found a runed translucent gate.
 35835 | Shoals:2 | Found a runed translucent gate.
 35835 | Shoals:2 | Found a runed translucent gate.
 37049 | Shoals:3 | Found Firub's Book Emporium.
 37097 | Shoals:3 | Found Gunlojoe's Magic Scroll Shoppe.
 37100 | Shoals:3 | Bought a scroll of amnesia for 60 gold pieces
 37100 | Shoals:3 | Bought a scroll of blinking for 112 gold pieces
 37100 | Shoals:3 | Bought a scroll of teleportation for 45 gold pieces
 37100 | Shoals:3 | Bought a scroll of vulnerability for 60 gold pieces
 37223 | Shoals:3 | Found Lyatal's General Store.
 37234 | Shoals:3 | Bought a scroll of amnesia for 44 gold pieces
 37234 | Shoals:3 | Bought a scroll of amnesia for 44 gold pieces
 37268 | Shoals:3 | Found Ijaxurchu's Assorted Antiques.
 37791 | Shoals:4 | Entered Level 4 of the Shoals
 37853 | Shoals:4 | Reached XP level 21. HP: 122/138 MP: 37/40
 38067 | Shoals:4 | Got a barnacled rune of Zot
 38092 | Shoals:4 | Got Sif Muna's Directory of the Mercurial Geologist
 38093 | Shoals:4 | Identified the +7 trident of Forgiveness {antimagic, rCorr
                  | Str+3}
 38601 | Shoals:4 | Identified the +3 helmet of Muiqynac {Str+3}
 39055 | Slime:1  | Entered Level 1 of the Pits of Slime
 39537 | Orc:2    | Bought a book of Winter for 392 gold pieces
 39801 | Slime:1  | Learned a level 3 spell: Ozocubu's Armour
 39818 | Slime:2  | Reached skill level 1 in Ice Magic
 40503 | Slime:2  | Reached skill level 5 in Ice Magic
 40722 | Slime:1  | You fall into a shaft and drop 1 floor!
 41182 | Slime:4  | Found a viscous altar of Jiyva.
 41582 | Slime:3  | Noticed Dissolution
 41585 | Slime:3  | Killed Dissolution
 41586 | Slime:3  | Reached skill level 10 in Fighting
 41752 | Slime:5  | Entered Level 5 of the Pits of Slime
 41765 | Slime:5  | Reached XP level 22. HP: 159/159 MP: 28/41
 41771 | Slime:5  | Reached skill level 10 in Ice Magic
 41780 | Slime:5  | Noticed the Royal Jelly
 41783 | Slime:5  | Killed the Royal Jelly
 41923 | Slime:5  | Identified the +10 whip of Ignis's Condemnation {freeze,
                  | rC+}
 41935 | Slime:5  | Identified the staff of Qanky {rF+ SInv Conj Hexes Fire}
 41969 | Slime:5  | Identified the ring "Faadex" {AC+4 Int+5}
 41976 | Slime:5  | Got the Tome of the Boggart
 41991 | Slime:5  | Got a slimy rune of Zot
 41995 | Slime:5  | Identified the +2 quarterstaff of a ziggurat {freeze,
                  | Dex+2}
 42012 | Slime:5  | Got Loh Zack's Compilation of Toxic Attendants
 42743 | Slime:5  | Identified the ring "Uhenaen" {rPois rF+ rCorr Dex-5}
 42748 | Slime:5  | Identified the amulet "Voguon" {Harm Regen+}
 42939 | Slime:5  | Upgraded the game from 0.32-a0-818-gb728d0252e to
                  | 0.32-a0-834-geaf45d8e21
 43227 | Vaults:1 | Entered Level 1 of the Vaults
 43564 | Vaults:1 | You fall into a shaft and drop 1 floor!
 43896 | Vaults:1 | Noticed Norris
 43899 | Vaults:1 | Killed Norris
 44273 | Vaults:2 | Found a staircase to the Crypt.
 44350 | Vaults:2 | Noticed Margery
 44353 | Vaults:2 | Killed Margery
 44613 | Vaults:2 | Reached skill level 15 in Ice Magic
 44768 | Vaults:2 | Reached XP level 23. HP: 165/165 MP: 42/42
 45863 | Vaults:3 | Noticed Mennas
 45865 | Vaults:3 | Killed Mennas
 46163 | Vaults:3 | Noticed Mara
 46165 | Vaults:3 | Killed Mara
 46763 | Vaults:3 | Found Joopad's Magic Scroll Emporium.
 47040 | Vaults:4 | Found a flickering gateway to a bazaar.
 47051 | Bazaar   | Entered a bazaar
 47051 | Bazaar   | Found Exemixt's Distillery.
 47054 | Bazaar   | Found Faruer's Jewellery Shop.
 47093 | Bazaar   | Found Pyerity's Magic Scroll Boutique.
 47099 | Bazaar   | Bought a scroll of teleportation for 39 gold pieces
 47099 | Bazaar   | Bought a scroll of teleportation for 39 gold pieces
 47099 | Bazaar   | Bought a scroll of blinking for 97 gold pieces
 47099 | Bazaar   | Bought a scroll of teleportation for 39 gold pieces
 47099 | Bazaar   | Bought a scroll of blinking for 97 gold pieces
 47102 | Bazaar   | Found Petucu's Jewellery Emporium.
 47132 | Bazaar   | Bought a potion of curing for 45 gold pieces
 47132 | Bazaar   | Bought 2 potions of heal wounds for 150 gold pieces
 47132 | Bazaar   | Bought 2 potions of heal wounds for 150 gold pieces
 47132 | Bazaar   | Bought a potion of curing for 45 gold pieces
 47132 | Bazaar   | Bought a potion of heal wounds for 75 gold pieces
 47375 | Vaults:4 | Reached XP level 24. HP: 172/172 MP: 23/42
 48481 | Temple   | Learned a level 9 spell: Polar Vortex
 48828 | Vaults:5 | Entered Level 5 of the Vaults
 48899 | Vaults:5 | Noticed an ancient lich
 48900 | Vaults:5 | Killed an ancient lich
 48922 | Vaults:5 | Identified the +9 lajatang "Enlobor" {flame, Int+7 Dex-4
                  | SInv}
 49044 | Vaults:5 | Reached skill level 1 in Shapeshifting
 49059 | Vaults:5 | Reached skill level 2 in Shapeshifting
 49094 | Vaults:5 | Reached skill level 3 in Shapeshifting
 49108 | Vaults:5 | Reached skill level 4 in Shapeshifting
 49169 | Vaults:5 | Reached skill level 5 in Shapeshifting
 49208 | Vaults:5 | Identified the +2 great mace of Zin's Whim {venom, ^Fragile
                  | Dex+5 SInv}
 49208 | Vaults:5 | Identified the amulet "Isoext" {Spirit rElec Int+2}
 49218 | Vaults:5 | Reached XP level 25. HP: 139/177 MP: 41/43
 49219 | Vaults:5 | Reached skill level 6 in Shapeshifting
 49356 | Vaults:5 | Reached skill level 7 in Shapeshifting
 49468 | Vaults:5 | Identified the +11 spear "Godon" {vamp, rF+ rC++} (You took
                  | it off a deep elf death mage on level 5 of the Vaults)
 49533 | Vaults:5 | Identified the +5 scimitar "Xerrem" {heavy, rF+++ Str-5
                  | Int-4 Stlth+}
 49540 | Vaults:5 | Got a silver rune of Zot
 49667 | Vaults:5 | Reached skill level 8 in Shapeshifting
 49672 | Vaults:5 | Identified the ring of Finality {Wiz Str+5}
 49893 | Vaults:5 | Identified the +5 quick blade of Brutal Revenge {venom,
                  | ^Contam Int+4}
 50359 | Vaults:5 | Upgraded the game from 0.32-a0-834-geaf45d8e21 to
                  | 0.32-a0-859-gb0a091d592
 50571 | Depths:1 | Entered Level 1 of the Depths
 50591 | Depths:1 | Noticed the Enchantress
 50592 | Depths:1 | Killed the Enchantress
 50593 | Depths:1 | Reached skill level 9 in Shapeshifting
 50672 | Depths:1 | Found a one-way gateway to a ziggurat.
 50672 | Depths:1 | Noticed an ancient lich
 50673 | Depths:1 | Identified the +4 robe of Sin {Rampage rElec rC- Str+5}
 50673 | Depths:1 | Noticed Boris
 50676 | Depths:1 | Killed Boris
 50678 | Depths:1 | Reached skill level 10 in Shapeshifting
 50678 | Depths:1 | Killed an ancient lich
 50863 | Depths:1 | Found a gateway to Hell.
 51064 | Depths:1 | Noticed Asterion
 51066 | Depths:1 | Killed Asterion
 51116 | Depths:1 | Reached skill level 11 in Shapeshifting
 51249 | Depths:1 | Found an ornate altar of the Wu Jian Council.
 51528 | Depths:2 | Reached skill level 12 in Shapeshifting
 51606 | Depths:2 | Noticed a juggernaut
 51619 | Depths:2 | Killed a juggernaut
 51649 | Depths:2 | Identified the +1 falchion "Ehum" {protect, rElec Str-4
                  | Dex-4 Stlth+}
 51670 | Depths:2 | Identified the +5 spear "Koamodir" {vamp, rF+ Str+3}
 51765 | Depths:2 | Reached skill level 13 in Shapeshifting
 51835 | Depths:2 | Found a one-way gate leading to the halls of Pandemonium.
 52396 | Depths:3 | Reached XP level 26. HP: 184/184 MP: 43/43
 52413 | Depths:3 | Reached skill level 14 in Shapeshifting
 52511 | Depths:3 | Reached skill level 15 in Shapeshifting
 52528 | Depths:3 | Found a one-way gate to the infinite horrors of the Abyss.
 52710 | Depths:3 | Identified the +4 ring mail of the Sea {Harm *Corrode rElec
                  | SInv}
 53013 | Depths:4 | Entered Level 4 of the Depths
 53039 | Depths:4 | Reached skill level 16 in Shapeshifting
 53116 | Depths:4 | Identified the +0 leather armour "Dalled" {rPois Dex+3}
 53163 | Depths:4 | Reached skill level 17 in Shapeshifting
 53304 | Depths:4 | Found a gate to the Realm of Zot.
 53319 | Depths:4 | Got a midnight gem with 248 turns to spare
 53670 | Depths:4 | Found Pam Xeo's Book Shoppe.
 53676 | Depths:4 | Bought an Everburning Encyclopedia for 646 gold pieces
 55446 | Crypt:1  | Entered Level 1 of the Crypt
 55576 | Crypt:1  | Reached skill level 18 in Shapeshifting
 55677 | Crypt:1  | Noticed Bai Suzhen
 55681 | Crypt:1  | Killed Bai Suzhen
 56040 | Crypt:1  | Reached XP level 27. HP: 190/190 MP: 39/43
 56583 | Crypt:2  | Reached skill level 19 in Shapeshifting
 56725 | Crypt:2  | Found a huge runed translucent gate.
 56725 | Crypt:2  | Found a huge runed translucent gate.
 56726 | Crypt:2  | Found a huge runed translucent gate.
 56726 | Crypt:2  | Found a huge runed translucent gate.
 56726 | Crypt:2  | Found a huge runed translucent gate.
 56726 | Crypt:2  | Found a huge runed translucent gate.
 56727 | Crypt:2  | Found a huge runed translucent gate.
 56727 | Crypt:2  | Found a huge runed translucent gate.
 56727 | Crypt:2  | Found a huge runed translucent gate.
 57010 | Crypt:2  | Acquired 738 gold pieces
 57353 | Crypt:3  | Entered Level 3 of the Crypt
 57546 | Crypt:3  | Reached skill level 20 in Shapeshifting
 57679 | Crypt:3  | Identified the +3 robe of Fautz {Str+5}
 57679 | Crypt:3  | Noticed Boris
 57681 | Crypt:3  | Killed Boris
 57800 | Crypt:3  | Noticed an ancient lich
 57807 | Crypt:3  | Killed an ancient lich
 57839 | Crypt:3  | Found a staircase to the Tomb.
 57954 | Crypt:3  | Found an ancient bone altar of Kikubaaqudgha.
 58070 | Crypt:3  | Identified the +6 mace of Elaxazxof {flame, rF++ Int-4}
 58289 | Crypt:3  | Found the +7 great mace "Undeadhunter" {deathbane, rN+}
 58314 | Crypt:3  | Identified the ring "Imogu" {Fly rN++ Will+ Str+3}
 58314 | Crypt:3  | Identified the ring "Mecieg" {rN++ EV+5 Stlth+}
 58318 | Crypt:3  | Identified the staff "Fifeirph" {^Drain rN+++ Will+++ Int-5
                  | Conj}
 59211 | Elf:2    | Bought a storm talisman for 1120 gold pieces
 59471 | Zig:1    | Entered Level 1 of a ziggurat
 59486 | Zig:2    | Entered Level 2 of a ziggurat
 59521 | Zig:3    | Entered Level 3 of a ziggurat
 59548 | Zig:4    | Entered Level 4 of a ziggurat
 59574 | Zig:5    | Entered Level 5 of a ziggurat
 59579 | Zig:5    | Noticed Qeipne Geun the pandemonium lord
 59580 | Zig:5    | Reached skill level 21 in Shapeshifting
 59584 | Zig:5    | Killed Qeipne Geun the pandemonium lord
 59606 | Zig:5    | Identified the +5 sling of No Interval {antimagic, *Slow
                  | Dex+4}
 59613 | Zig:5    | Identified the +0 ring mail "Ceojaf" {rPois Int+4}
 59633 | Zig:6    | Entered Level 6 of a ziggurat
 59681 | Zig:7    | Entered Level 7 of a ziggurat
 59696 | Zig:7    | Identified the staff "Deohi" {rC+ rCorr Ice}
 59706 | Zig:7    | Identified the +7 tower shield of Gluttony {+Inv Str+2}
 59717 | Zig:7    | Identified the staff of a bailey {^Fragile rF+ Will+ rCorr
                  | Dex+2 Fire}
 59722 | Zig:8    | Entered Level 8 of a ziggurat
 59742 | Zig:8    | Identified the ring of Umodobb {Fly rC+ Int+2 Dex+2}
 59747 | Zig:8    | Identified the +4 hand axe "Walup" {pain, ^Fragile Int+4
                  | Dex+4 Stlth+}
 59756 | Zig:8    | Reached skill level 5 in Unarmed Combat
 59774 | Zig:9    | Entered Level 9 of a ziggurat
 59797 | Zig:9    | Identified the staff "Zooc" {rElec rF+ rN+ Air}
 59834 | Zig:9    | Identified the +6 hand axe of Siziafam {freeze, rC+ rN+
                  | rCorr}
 59836 | Zig:9    | Reached skill level 22 in Shapeshifting
 59844 | Zig:10   | Entered Level 10 of a ziggurat
 59905 | Zig:10   | Identified the +10 short sword "Yfrun" {freeze, rPois
                  | Dex+2}
 59915 | Zig:10   | Got Tuez's Papyrus of the Shot and the Salamander
 59918 | Zig:10   | Identified the +8 war axe "Alen" {speed, rC- rCorr Int+3}
 59924 | Zig:11   | Entered Level 11 of a ziggurat
 59936 | Zig:11   | Reached skill level 23 in Shapeshifting
 59979 | Zig:11   | Identified the amulet "Tucaohej" {Rampage +Inv Regen+
                  | Dex+3}
 59986 | Zig:11   | Identified the +2 glaive of Wu Jian's Outrage {drain,
                  | rPois}
 59998 | Zig:12   | Entered Level 12 of a ziggurat
 60038 | Zig:12   | Identified the ring of Moofereh {rCorr Str+6}
 60044 | Zig:12   | Identified the staff of the Candelabrum {rElec rN+ MP+9
                  | Dex+2 Ice Air}
 60068 | Zig:13   | Entered Level 13 of a ziggurat
 60070 | Zig:13   | Reached skill level 10 in Unarmed Combat
 60077 | Zig:13   | Noticed a royal mummy
 60080 | Zig:13   | Noticed a royal mummy
 60081 | Zig:13   | Killed a royal mummy
 60081 | Zig:13   | Killed a royal mummy
 60082 | Zig:13   | Killed a royal mummy
 60086 | Zig:13   | Noticed a royal mummy
 60090 | Zig:13   | Killed a royal mummy
 60100 | Zig:13   | Noticed a royal mummy
 60102 | Zig:13   | Slain by a golden dragon skeleton

Illustrated notes

Levels and vault maps discovered:
D:1:      ncdulo_lavacross, layout_rooms
D:2:      layout_basic, minmay_hexomino_u4
D:3:      layout_basic, nicolae_vehumet_altar_sigil,
          hellmonk_ecumenical_altar_pennies_from_heaven, minmay_lizard_king,
          uniq_robin
D:4:      layout_basic, uniq_natasha, uniq_grinder, uniq_duvessa
D:5:      layout_basic, nicolae_sextant, nicolae_nh_oracle_at_delphi
D:6:      layout_cave_pools, dancing_weapons_uskayaw, minmay_misc_feat_alley
D:7:      layout_basic, temple_fountains, enter_bailey_5
D:8:      layout_loops_ring, mainiacjoe_overflow_catch_the_wave, uniq_psyche
D:9:      gammafunk_steamed_eel, layout_basic, minmay_crystal_water,
          minivault_14
D:10:     layout_basic, chequers_temple_overflow_minitemple, uniq_nergalle,
          uniq_erica, uniq_josephine
D:11:     minmay_the_grid_triangle_9x9_rhombus_full
          [minmay_the_grid_triangle_9x9_sparse_checkered,
          minmay_the_grid_triangle_9x9_skeleton,
          minmay_the_grid_triangle_9x9_negative_grid,
          minmay_the_grid_triangle_9x9_from_above,
          minmay_the_grid_triangle_9x9_windchime,
          minmay_the_grid_triangle_9x9_fully_insulated_deathbox,
          minmay_the_grid_triangle_9x9_warning,
          minmay_the_grid_triangle_9x9_prize_center], layout_stronghold,
          david_lair_generic, serial_shops, shop
D:12:     layout_loops_cross, erik_orc_2, elyvilon_altar_3
D:13:     layout_basic, portal_ice_cave_entry_ice_simulacra, uniq_lodul,
          uniq_frances
D:14:     minmay_complete_graph, layout_rooms, grunt_vaults_entry_fortified,
          glass_columns_a
D:15:     grunt_enter_depths_magical_seal, layout_rooms, serial_shops,
          nicolae_shop_tiny_real_fake_doors, gauntlet_entry_generic,
          uniq_rupert, uniq_kirke
Temple:   nicolae_temple_bog_church
Lair:1:   layout_gridlike, nicolae_lair_liquid_snakes
Lair:2:   layout_cave_pods, minmay_shoals_entry_lonely_mermaid,
          guppyfry_snake_entry_island, hellmonk_talismancer
Lair:3:   layout_chaotic_city, st_stairs_11, grunt_megastairs_5
Lair:4:   layout_hall_layers, uniq_nessos
Lair:5:   evilmike_catoblepas_cave, layout_loops_ring,
          minmay_slime_entry_jelly_boxes, basic_altar
Shoals:1: layout_shoals, uniq_nikola, uniq_jorgrun
Shoals:2: layout_shoals, nicolae_stop_n_shop_1,
          nicolae_shoals_stone_sculpture_thing, nicolae_shoals_beach_cooler
Shoals:3: layout_shoals, serial_shops, shop, shop, nicolae_shop_window_shopping,
          shop_statue
Shoals:4: shoals_end_hellmonk_lost_city
Snake:1:  nicolae_snake_nest, layout_chambers, grunt_megastairs_3
Snake:2:  layout_chambers, hangedman_snake_thin_pillar_pass,
          nicolae_shop_self_help, grunt_megastairs_4, minmay_shop_grove
Snake:3:  layout_rooms, uniq_aizul
Snake:4:  hellmonk_snake_rune_quicksilver_temple, layout_basic, serial_shops,
          shop, lemuel_fruit_tree
Slime:1:  layout_caves, cheibrodos_slime_lost_civilization_4
Slime:2:  layout_caves, cheibrodos_slime_lost_civilization_5
Slime:3:  layout_caves, uniq_dissolution
Slime:4:  layout_caves, basic_altar
Slime:5:  slime_pit_nicolae_royal_road_to_ruin
Orc:1:    orc_temple, layout_diamond_mine, nicolae_orc_found_a_spring
Orc:2:    st_orc_rangers, layout_diamond_mine
Elf:1:    minmay_elf_arrival_plus, layout_geoelf_diagonals,
          nicolae_elf_crossing_hall, lemuel_upstairs_altar
Elf:2:    elven_hall_of_blades_hangedman_original [mumra_blade_entry_bloodbath],
          layout_onion_city, minmay_shop_star, uniq_azrael, uniq_agnes
Elf:3:    minmay_elf_hall_four_x, layout_rooms, serial_shops, shop,
          nicolae_lakefront_shop, basic_altar, hellmonk_sif_muna_bookshelves
Vaults:1: nicolae_vaults_tetromino_Z_1, ontoclasm_vaults_twist,
          nicolae_vaults_house_2, nicolae_vaults_two_Ls,
          nicolae_vaults_little_squares_6, nicolae_vaults_hexular_roomagon,
          nicolae_vaults_heist, nicolae_vaults_asterisk, layout_vaults_omnigrid,
          uniq_norris
Vaults:2: vaults_room_hangedman_quadrants, minmay_crypt_entry_nasty_monster,
          vaults_room_door_hall, v_misc_22, nicolae_vaults_diagonal_hallway_7,
          nicolae_vaults_stepped_doors, vaults_mumra_lcd,
          nicolae_vaults_alarming, nicolae_vaults_what_the_h,
          nicolae_vaults_sesquioval_fish, dpeg_vaults_monster_box,
          ontoclasm_vaults_decontamination, nicolae_vaults_rhombus_5,
          vaults_room_hallway, nicolae_vaults_double_plus_2,
          nicolae_vaults_little_ls, nicolae_vaults_little_squares_6,
          layout_vaults_ring, uniq_margery
Vaults:3: vaults_dpeg_encased_lava, dpeg_vaults_monster_row,
          nicolae_vaults_house_3, ontoclasm_vaults_idyll, v_misc_24,
          ontoclasm_vaults_chip, hangedman_vaults_snaps, nicolae_vaults_cochlea,
          nicolae_vaults_hexular_roomagon, nicolae_vaults_little_guard_posts,
          vaults_room_pools, hangedman_vaults_trim,
          nicolae_vaults_surprise_closet, v_misc_5, layout_vaults_chaotic_city,
          serial_shops, nicolae_shop_tiny_statue_garden, uniq_mara, uniq_mennas
Vaults:4: nicolae_vaults_trapezoid_lopsided_3, vaults_room_boxed,
          hangedman_vaults_maws, nicolae_vaults_shelves_hall, v_rooms_4,
          nicolae_vaults_shipping_containers_6, vaults_dpeg_spiral, v_pattern_2,
          hangedman_vaults_trim, nicolae_vaults_ellipses_ellipsis,
          nicolae_vaults_ring_of_whatevers, nicolae_vaults_hexular_roomagon,
          vaults_dpeg_diagonal, ontoclasm_vaults_ring_square,
          nicolae_vaults_octothorpe, layout_vaults_omnibox, serial_shops,
          freezing_bzr
Vaults:5
Crypt:1:  layout_misc_corridors, uniq_bai_suzhen
Crypt:2:  cheibrodos_crypt_3hun_7po, layout_misc_corridors,
          beargit_elvish_explorers
Crypt:3:  cryptofortress_bobbens
Depths:1: layout_basic, enter_ziggurat_d, nicolae_figureground_pulse,
          grunt_hell_entry_dis_mu, nzn_wu_jian_council_hall, firewood_loft,
          uniq_asterion, uniq_boris, uniq_enchantress
Depths:2: evilmike_pillar_path, layout_cave_shapes,
          hangedman_abyss_or_decor_stagger, pf_hell_entry_great_geh,
          rand_demon_pan_entry_5, infiniplex_staircase_river
Depths:3: minmay_ornate_pinched, layout_cave_shapes, minmay_misc_feat_five,
          hell_entry, abyss_entry, minmay_staircase_windowed_large
Depths:4: grunt_crosshair, layout_cave_pools, hell_entry,
          regret_index_abyss_entry_earlier_magic, serial_shops, shop,
          cheibrodos_lost_city_excavation
Zig:13:   ziggurat_pillar_centre_armed, ziggurat_pillar_centre_armed,
          ziggurat_pillar_centre_armed, ziggurat_pillar_centre_armed

Skill      XL: |  1  2  3  4  5  6  7  8  9 10 11 12 13 14 15 16 17 18 19 20 21 22 23 24 25 26 27 |
---------------+----------------------------------------------------------------------------------+-----
Alchemy        | 1 2 3 4 6 9 |  9.0
Spellcasting   | 3 4 7 10 12 15 16 17 | 17.0
Translocations | 2 4 |  4.0
Conjurations   | 5 6 8 9 11 12 15 16 17 18 19 20 21 | 21.0
Fighting       | 4 5 10 | 10.0
Hexes          | 5 7 |  7.0
Summonings     | 6 12 | 12.0
Fire Magic     | 4 10 13 16 18 20 21 | 21.0
Air Magic      | 1 |  1.0
Ice Magic      | 9 15 19 21 | 21.0
Shapeshifting  | 5 13 18 23 | 23.6
Unarmed Combat | 10 | 10.8
Dodging        | |  2.0
Stealth        | |  2.0

Action                     |  1- 3 |  4- 6 |  7- 9 | 10-12 | 13-15 | 16-18 | 19-21 | 22-24 | 25-27 || total
---------------------------+-------+-------+-------+-------+-------+-------+-------+-------+-------++-------
  Melee: Short sword       |    25 |       |       |       |       |       |       |       |       ||    25
         Staff             |    16 |    15 |    42 |    15 |    39 |    24 |       |     1 |     1 ||   153
         Rapier            |       |       |     1 |     1 |       |       |       |       |       ||     2
         Spear             |       |       |       |     7 |       |       |       |       |       ||     7
         War axe           |       |       |       |       |     3 |       |       |       |       ||     3
  Throw: Dart              |       |       |       |     3 |       |       |       |       |       ||     3
   Cast: Magic Dart        |    14 |     5 |     2 |    20 |    38 |    12 |     3 |     1 |       ||    95
         Searing Ray       |    21 |    41 |    60 |    67 |    97 |    42 |     6 |       |       ||   334
         Fulminant Prism   |       |     1 |    24 |    56 |     4 |    16 |       |       |     1 ||   102
         Tukima's Dance    |       |       |    13 |    20 |     5 |     2 |       |     2 |     6 ||    48
         Iskenderun's Myst |       |       |     1 |    25 |    53 |    59 |    14 |    29 |    34 ||   215
         Iskenderun's Batt |       |       |       |    39 |    77 |    39 |     6 |       |     1 ||   162
         Olgreb's Toxic Ra |       |       |       |       |   170 |    97 |     3 |     2 |       ||   272
         Spellforged Servi |       |       |       |       |    37 |    90 |    60 |     4 |    34 ||   225
         Orb of Destructio |       |       |       |       |     1 |     2 |       |       |       ||     3
         Plasma Beam       |       |       |       |       |       |     9 |     1 |     1 |    30 ||    41
         Fire Storm        |       |       |       |       |       |     1 |   189 |   241 |   257 ||   688
         Ozocubu's Armour  |       |       |       |       |       |       |     3 |     5 |    15 ||    23
         Polar Vortex      |       |       |       |       |       |       |       |     5 |    23 ||    28
Ability: Begin Untransform |       |       |       |       |       |       |       |       |     1 ||     1
  Evoke: Wand              |       |       |     4 |     2 |     3 |     4 |       |       |     1 ||    14
         Lightning rod     |       |       |       |       |       |     1 |       |       |       ||     1
    Use: Scroll            |       |     1 |     7 |     5 |    10 |    15 |     2 |     4 |     4 ||    48
         Potion            |       |       |     1 |     1 |     1 |     2 |       |     4 |    15 ||    24
   Stab: Sleeping          |       |       |     1 |       |       |       |       |       |       ||     1
 Armour: Robe              |    38 |    46 |    96 |     1 |    68 |   193 |    72 |    80 |   140 ||   734
         Steam dragon scal |       |       |       |    92 |   161 |       |       |       |       ||   253
  Dodge: Dodged            |    44 |    58 |   106 |    91 |   246 |   101 |    28 |    22 |    48 ||   744
         Repelled          |       |       |       |       |       |    13 |    19 |    19 |    35 ||    86
   Form: Storm             |       |       |       |       |       |       |       |       |     1 ||     1

Table legend: (Time is in decaauts)
 A = Elapsed time spent in this place.
 B = Non-inter-level travel time spent in this place.
 C = Inter-level travel time spent in this place.
 D = Time resting spent in this place.
 E = Time spent auto-exploring this place.
 F = Levels seen in this place.
 G = Mean time per level.
                   A        B        C        D        E       F      G
               +--------+--------+--------+--------+--------+-----+--------+
         Total |  60639 |  42192 |  18447 |   1720 |  23338 |  68 |  891.8 |
       Dungeon |  19755 |  10826 |   8929 |    933 |   5414 |  15 | 1317.0 |
        Temple |    209 |    155 |     54 |      0 |      0 |   1 |  209.0 |
          Lair |   5938 |   3855 |   2083 |      0 |   2353 |   5 | 1187.6 |
        Shoals |   3797 |   3177 |    620 |      0 |   2559 |   4 |  949.2 |
     Snake Pit |   3880 |   3240 |    640 |      0 |   2350 |   4 |  970.0 |
    Slime Pits |   3014 |   2631 |    383 |      0 |   1322 |   5 |  602.8 |
  Orcish Mines |   2376 |   1393 |    983 |      0 |    533 |   2 | 1188.0 |
   Elven Halls |   5018 |   3404 |   1614 |    510 |   1415 |   3 | 1672.7 |
        Vaults |   6534 |   4961 |   1573 |    100 |   3144 |   5 | 1306.8 |
         Crypt |   3273 |   2835 |    438 |      0 |   1749 |   3 | 1091.0 |
        Depths |   4203 |   3077 |   1126 |      0 |   2023 |   4 | 1050.8 |
      Ziggurat |    636 |    636 |      0 |      0 |      0 |  13 |   48.9 |
        Bazaar |     95 |     95 |      0 |      0 |     54 |   1 |   95.0 |
        Bailey |    775 |    775 |      0 |    177 |    186 |   1 |  775.0 |
      Ice Cave |    666 |    666 |      0 |      0 |      0 |   1 |  666.0 |
      Gauntlet |    463 |    463 |      0 |      0 |    235 |   1 |  463.0 |
               +--------+--------+--------+--------+--------+-----+--------+

Top non-repeatable levels by time:
    D:11: 3390 daAuts
     D:9: 2142 daAuts
    D:12: 2020 daAuts
   Elf:2: 1899 daAuts
     D:7: 1741 daAuts
    D:10: 1589 daAuts
   Elf:3: 1569 daAuts
   Elf:1: 1549 daAuts
Vaults:5: 1543 daAuts
  Lair:2: 1499 daAuts
   Orc:2: 1377 daAuts
  Lair:5: 1353 daAuts
Vaults:2: 1327 daAuts
 Crypt:3: 1309 daAuts
Depths:2: 1279 daAuts
